 Dungeon Crawl Stone Soup version 0.18-a0-5-gf1fb587 (webtiles) character file.

470 glosham the Insei (level 6, -1/75 HPs)
             Began as a Demigod Monk on Oct 31, 2015.
             Slain by an orc wizard
             ... wielding a +0 dagger
              (4 damage)
             ... on level 4 of the Dungeon.
             The game lasted 00:32:23 (3000 turns).

glosham the Insei (Demigod Monk)                    Turns: 3000, Time: 00:32:23

Health: -1/75      AC:  5    Str: 19    XL:     6   Next: 52%
Magic:  8/8        EV: 14    Int: 14    God:
Gold:   107        SH:  0    Dex: 22    Spells: 0 memorised, 5 levels left

rFire  . . .     SeeInvis .       - Unarmed
rCold  . . .     Clarity  .     X - +1 robe
rNeg   . . .     SustAt   +     (no shield)
rPois  .         Gourm    .     (no helmet)
rElec  .         Spirit   .     Y - +1 cloak
rCorr  .         Warding  .     (no gloves)
rMut   .         Stasis   .     (no boots)
MR     .....                    (no amulet)
Stlth  ..........               (no ring)
                                (no ring)

@: berserking, very quick, not resistant to hostile enchantments, extremely
unstealthy
A: high mp 1, sustain attributes
a: no special abilities


You were on level 4 of the Dungeon.
You were not hungry.

You visited 1 branch of the dungeon, and saw 4 of its levels.

You collected 107 gold pieces.

Inventory:

Hand Weapons
 b - a +2 dagger of venom
 e - a +3 dagger of freezing
Missiles
 j - 15 poisoned needles
Armour
 X - a +1 robe (worn)
 Y - a +1 cloak (worn)
 Z - a +0 buckler
Potions
 c - 2 potions of curing
 i - a potion of beneficial mutation {!q}
 l - a potion of haste
 o - a potion of lignification
Comestibles
 a - 3 bread rations
 d - a royal jelly
 f - 2 chunks of flesh
 g - a meat ration
 h - 17 fruits


   Skills:
 - Level 2.6 Fighting
 - Level 2.6 Dodging
 - Level 1.7 Stealth
 * Level 7.5 Unarmed Combat


You had 5 spell levels left.
You didn't know any spells.

Dungeon Overview and Level Annotations

Branches:
Dungeon (4/15)
 Temple: D:4-7


Innate Abilities, Weirdness & Mutations

You have an increased reservoir of magic (+10% MP).
Your attributes are resistant to harm.


Message History

The orc wizard mumbles some strange words.
The orc wizard seems to speed up.
The orc hits you with a short sword! The orc misses you.
The orc priest closely misses you.
You barely miss the orc priest.
The orc priest is heavily wounded.
The orc hits you with a mace.
You hit the orc priest but do no damage.
The orc priest is heavily wounded.
The orc priest completely misses you.
You closely miss the orc priest.
The orc priest is heavily wounded.
The orc wizard closely misses you. The orc hits you but does no damage.
The orc priest closely misses you. The orc wizard hits you with a dagger.
The orc hits you but does no damage.
You hit the orc priest.
The orc priest is severely wounded.
The orc wizard barely misses you.
The orc priest calls down the wrath of Beogh upon you.
Pain shoots through your body! The orc misses you.
Unknown command.
You hit the orc priest but do no damage.
The orc priest is severely wounded.
The orc hits you with a short sword. The orc wizard completely misses you.
The orc priest barely misses you.
You hit the orc priest.
The orc priest is severely wounded.
The orc wizard hits you but does no damage.
The orc barely misses you. x2
The orc wizard barely misses you.
The orc priest mumbles some strange prayers to Beogh against you.
Something smites you!
* * * LOW HITPOINT WARNING * * *
Drink which item? (? for menu, Esc to quit)
Okay, then.
Drink which item? (? for menu, Esc to quit)
It was a potion of berserk rage.
A red film seems to cover your vision as you go berserk!
You feel yourself moving faster!
You feel mighty! The orc wizard hits you with a dagger.
You die...

###.#.##
......#
####.#..#
......(.#
###.....#
.......<#
##.....=#
#....o.#
#....o@#
#....oo#
#.....o.
........##
#.##.#.##
.. ....
##.#. #.


You could see an orc priest, an orc wizard and 3 orcs.

Vanquished Creatures
  Sigmund (D:3)
  The ghost of Kolbur the Chiller, a weakling MfIE (D:3)
  An orc priest (D:3)
  Jessica (D:3)
  An orc wizard (D:3)
  Terence (D:3)
  A hound (D:3)
  4 adders
  5 gnolls
  2 worms (D:2)
  3 giant geckos
  An orc (D:3)
  6 goblins
  5 hobgoblins
  A quokka (D:2)
  10 bats
  4 giant cockroaches
  3 giant newts (D:3)
  4 jackals (D:1)
  10 kobolds
  5 rats
70 creatures vanquished.

Notes
Turn   | Place    | Note
--------------------------------------------------------------
     0 | D:1      | glosham the Demigod Monk began the quest for the Orb.
     0 | D:1      | Reached XP level 1. HP: 18/18 MP: 3/3
    80 | D:1      | Reached skill level 4 in Unarmed Combat
   129 | D:1      | Reached XP level 2. HP: 16/25 MP: 4/4
   132 | D:1      | Found a shimmering altar of Xom.
   836 | D:2      | Reached XP level 3. HP: 30/30 MP: 5/5
  1263 | D:2      | Reached skill level 5 in Unarmed Combat
  1545 | D:3      | Noticed Jessica
  1565 | D:3      | Killed Jessica
  1565 | D:3      | Reached XP level 4. HP: 18/37 MP: 6/6
  1665 | D:3      | Noticed Terence
  1764 | D:3      | Noticed Sigmund
  1877 | D:3      | Noticed Kolbur's ghost (weakling MfIE)
  2219 | D:3      | Reached skill level 6 in Unarmed Combat
  2219 | D:3      | Reached XP level 5. HP: 39/42 MP: 7/7
  2402 | D:3      | Killed Terence
  2714 | D:3      | Killed Kolbur's ghost
  2938 | D:3      | Killed Sigmund
  2938 | D:3      | Reached skill level 7 in Unarmed Combat
  2938 | D:3      | Reached XP level 6. HP: 50/50 MP: 8/8
  2999 | D:4      | HP: 2/50 [orc priest/divine providence (13)]
  3000 | D:4      | Slain by an orc wizard

Vault maps used:
D:1:      tarquinn_simple_flora_water_e, xom_teletrap_fun
D:3:      corexii_corridor_pit, uniq_jessica, uniq_terence, uniq_sigmund
D:4:      sigmund_army, uniq_natasha

Action                   |  1- 3 |  4- 6 || total
-------------------------+-------+-------++-------
Melee: Unarmed           |   119 |   143 ||   262
       Dagger            |       |     7 ||     7
  Use: Scroll            |     6 |     4 ||    10
       Potion            |       |     5 ||     5
 Stab: Sleeping          |    11 |     5 ||    16
  Eat: Chunk             |     2 |     5 ||     7

Table legend:
 A = Turns spent in this place as a percentage of turns spent in the entire game.
 B = Non-inter-level travel turns spent in this place as a percentage of non-inter-level travel turns spent in the entire game.
 C = Inter-level travel turns spent in this place as a percentage of turns spent in this place.
 D = Turns resting spent in this place as a percentage of non-inter-level travel turns spent in this place.
 E = Turns spent auto-exploring this place as a percentage of non-inter-level travel turns spent in this place.
 F = Non-inter-level travel turns spent in this place divided by the number of levels of this place that you've seen.
                   A       B       C       D       E      F
               +-------+-------+-------+-------+-------+----------------------
         Total | 100.0 | 100.0 |   0.5 |   1.0 |   0.3 | 431.0
       Dungeon | 100.0 | 100.0 |   0.5 |   1.0 |   0.3 | 431.0
               +-------+-------+-------+-------+-------+----------------------

Table legend:
 A = Kills in this place as a percentage of kills in entire the game.
 B = Kills by you in this place as a percentage of kills by you in the entire game.
 C = Kills by friends in this place as a percentage of kills by friends in the entire game.
 D = Other kills in this place as a percentage of other kills in the entire game.
 E = Experience gained in this place as a percentage of experience gained in the entire game.
 F = Experience gained in this place divided by the number of levels of this place that you have seen.
                   A       B       C       D       E      F
               +-------+-------+-------+-------+-------+----------------------
         Total | 100.0 | 100.0 |  -nan |  -nan | 100.0 | 168.0
       Dungeon | 100.0 | 100.0 |  -nan |  -nan | 100.0 | 168.0
               +-------+-------+-------+-------+-------+----------------------

Vault maps used:
D:1:      tarquinn_simple_flora_water_e, xom_teletrap_fun
D:3:      corexii_corridor_pit, uniq_jessica, uniq_terence, uniq_sigmund
D:4:      sigmund_army, uniq_natasha
